[Event "ESP-ch Rapid 2018"]
[Site "Linares"]
[Date "2018.08.19"]
[Round "9"]
[White "Llobell Cortell, Enrique"]
[Black "Santos Ruiz, Miguel"]
[Result "0-1"]
[ECO "B54"]
[WhiteElo "2411"]
[BlackElo "2517"]
[Annotator "ChessBase"]
[PlyCount "48"]
[EventDate "2018.08.19"]
[EventType "team-tourn"]
[EventCountry "ESP"]
[SourceTitle "playchess.com"]
[Source "ChessBase"]
[SourceQuality "1"]
[TimeControl "900+5"]

1. e4 c5 2. Nf3 d6 3. d4 cxd4 4. Nxd4 Nf6 5. f3 Nc6 6. Nc3 e6 7. Be3 h5 8. Qd2 a6 9. O-O-O Be7 10. Qf2 Qc7 11. Kb1 b5 12. Bxb5 axb5 13. Ndxb5 Qb8 14. Bb6 O-O 15. Nc7 Ra7 16. Bxa7 Nxa7 17. N7d5 exd5 18. exd5 Nb5 19. Nxb5 Qxb5 20. Qd4 Bf5 21. Rhe1 Rc8 22. Rd2 Bd8 23. Qf4 Rb8 24. b3 Ba5 0-1

[Event "ESP-ch Rapid 2018"]
[Site "Linares"]
[Date "2018.08.19"]
[Round "9"]
[White "Camacho Collados, Marcos"]
[Black "Collado Barbas, Laura"]
[Result "1-0"]
[ECO "D02"]
[WhiteElo "2393"]
[BlackElo "2095"]
[Annotator "NA"]
[PlyCount "73"]
[EventDate "2018.08.19"]
[EventType "team-tourn"]
[EventCountry "ESP"]
[SourceTitle "playchess.com"]
[Source "ChessBase"]
[SourceQuality "1"]
[TimeControl "900+5"]

1. d4 d5 2. Nf3 c6 3. c3 Bf5 4. Bg5 Nd7 5. e3 Qb6 6. Qb3 Qxb3 7. axb3 a6 8. Nbd2 h6 9. Bf4 Ngf6 10. h3 e6 11. Be2 Be7 12. O-O c5 13. Rfe1 O-O 14. Bf1 cxd4 15. exd4 Ne4 16. Nxe4 Bxe4 17. Nd2 Bg6 18. b4 Rfc8 19. Nb3 Bd8 20. Ra2 Bc2 21. Na1 Bf5 22. Rc1 f6 23. Re1 Kf7 24. Nb3 Bc2 25. Nc5 Nxc5 26. bxc5 a5 27. Bb5 Bb3 28. Ra3 Bc4 29. Bd7 Rc6 30. Bd6 e5 31. b3 Bd3 32. dxe5 fxe5 33. Rxe5 Rca6 34. Be6+ Kf6 35. Rxd5 Be4 36. Rd4 Bxg2 37. Bc4 1-0

[Event "ESP-ch Rapid 2018"]
[Site "Linares"]
[Date "2018.08.19"]
[Round "9"]
[White "Suarez Uriel, Adrian"]
[Black "Perez Candelario, Manuel"]
[Result "0-1"]
[ECO "C50"]
[WhiteElo "2391"]
[BlackElo "2611"]
[Annotator "ChessBase"]
[PlyCount "150"]
[EventDate "2018.08.19"]
[EventType "team-tourn"]
[EventCountry "ESP"]
[SourceTitle "playchess.com"]
[Source "ChessBase"]
[SourceQuality "1"]
[TimeControl "900+5"]

1. e4 e5 2. Nf3 Nc6 3. Bc4 Nf6 4. d3 Bc5 5. O-O O-O 6. h3 a6 7. c3 d6 8. Bb3 Ba7 9. Re1 h6 10. Nbd2 Be6 11. Bc2 Re8 12. Nf1 d5 13. exd5 Bxd5 14. Be3 Bxe3 15. Nxe3 Be6 16. Qe2 Nd5 17. Nxd5 Bxd5 18. Qe3 Qf6 19. Nh2 Rad8 20. Rad1 Qg5 21. Qxg5 hxg5 22. Ng4 f6 23. Kf1 Kf8 24. a3 Bf7 25. f3 Bg6 26. Nf2 Ne7 27. Ne4 b6 28. Ba4 c6 29. Kf2 Rd7 30. Rd2 Red8 31. Red1 Bf7 32. b4 Be6 33. Ke2 Kf7 34. c4 Nf5 35. c5 b5 36. Bc2 Nd4+ 37. Ke3 Nxc2+ 38. Rxc2 Bb3 39. Rcd2 Bxd1 40. Rxd1 Ke6 41. Nd6 Rxd6 42. cxd6 Rxd6 43. Rc1 Kd7 44. Kd2 Rd5 45. Kc3 c5 46. Re1 Kc6 47. Rh1 Rd4 48. g3 Kb6 49. Rh2 a5 50. bxc5+ Kxc5 51. Rc2 Ra4 52. Kb3+ Kd4 53. Rc7 Kxd3 54. Rxg7 Ke3 55. Rf7 Kxf3 56. Rxf6+ Kxg3 57. Rf5 Re4 58. Rxg5+ Kf4 59. Rg4+ Kf5 60. Rg3 Rd4 61. Kc3 Kf4 62. Rg4+ Ke3 63. Rg5 Rc4+ 64. Kb2 Kf4 65. Rg4+ Kf3 66. Rg5 Kf4 67. Rg4+ Ke3 68. Rg5 Kd4 69. h4 Kd5 70. Rg2 Rxh4 71. Rd2+ Rd4 72. Re2 Rd3 73. Rh2 a4 74. Rh4 Rb3+ 75. Ka2 e4 0-1

[Event "ESP-ch Rapid 2018"]
[Site "Linares"]
[Date "2018.08.19"]
[Round "9"]
[White "Vega Gutierrez, Sabrina"]
[Black "Fernandez De Bobadilla, Gabriel"]
[Result "1-0"]
[ECO "B53"]
[WhiteElo "2390"]
[BlackElo "2175"]
[Annotator "NA"]
[PlyCount "85"]
[EventDate "2018.08.19"]
[EventType "team-tourn"]
[EventCountry "ESP"]
[SourceTitle "playchess.com"]
[Source "ChessBase"]
[SourceQuality "1"]
[TimeControl "900+5"]

1. e4 c5 2. Nf3 d6 3. d4 cxd4 4. Qxd4 Bd7 5. Be2 Nc6 6. Qe3 Nf6 7. h3 e6 8. c4 Be7 9. O-O Qc7 10. Nc3 a6 11. b3 h6 12. Bb2 Ne5 13. Nd4 g5 14. Rac1 Ng6 15. Rfe1 h5 16. Bf1 g4 17. b4 b6 18. Nde2 Qb7 19. Nf4 Ne5 20. Rc2 Rc8 21. Ncd5 exd5 22. exd5 Bf5 23. Bxe5 Kf8 24. Bxf6 Bxf6 25. Bd3 Qd7 26. hxg4 hxg4 27. Bxf5 Qxf5 28. Qe4 Qxe4 29. Rxe4 Kg7 30. g3 Be5 31. Nd3 f5 32. Re1 Rhe8 33. c5 bxc5 34. bxc5 Kf6 35. c6 Bd4 36. Rce2 Re5 37. Nxe5 dxe5 38. Rb1 Ke7 39. Rb7+ Kd6 40. Rd7+ Kc5 41. Rc2+ Kb6 42. Rb7+ Ka5 43. d6 1-0

[Event "ESP-ch Rapid 2018"]
[Site "Linares"]
[Date "2018.08.19"]
[Round "9"]
[White "Campos Gambuti, Luis Maria"]
[Black "Vinuela Diaz, Saul"]
[Result "0-1"]
[ECO "D01"]
[WhiteElo "2382"]
[BlackElo "2216"]
[Annotator "NA"]
[PlyCount "48"]
[EventDate "2018.08.19"]
[EventType "team-tourn"]
[EventCountry "ESP"]
[SourceTitle "playchess.com"]
[Source "ChessBase"]
[SourceQuality "1"]
[TimeControl "900+5"]

1. d4 Nf6 2. Nc3 d5 3. Bg5 Nbd7 4. Qd3 h6 5. Bh4 e6 6. e4 dxe4 7. Nxe4 Be7 8. Nxf6+ Nxf6 9. Nf3 O-O 10. O-O-O c5 11. Ne5 Qa5 12. Qb5 Qxa2 13. Bc4 a6 14. Qb6 Qa1+ 15. Kd2 Qa4 16. Ra1 Qe8 17. Ke2 cxd4 18. Rhd1 Nd7 19. Nxd7 Bxd7 20. Bxe7 Qxe7 21. Qxb7 Rab8 22. Qxa6 Rxb2 23. Bb3 Qb4 24. Qa5 Qxb3 0-1

[Event "ESP-ch Rapid 2018"]
[Site "Linares"]
[Date "2018.08.19"]
[Round "9"]
[White "Domingo Nunez, Alejandro"]
[Black "Arizmendi Martinez, Julen Luis"]
[Result "1/2-1/2"]
[ECO "C00"]
[WhiteElo "2373"]
[BlackElo "2507"]
[Annotator "ChessBase"]
[PlyCount "160"]
[EventDate "2018.08.19"]
[EventType "team-tourn"]
[EventCountry "ESP"]
[SourceTitle "playchess.com"]
[Source "ChessBase"]
[SourceQuality "1"]
[TimeControl "900+5"]

1. e4 e6 2. d3 d5 3. Nd2 c5 4. Ngf3 Nc6 5. g3 Nf6 6. Bg2 g6 7. O-O Bg7 8. exd5 Nxd5 9. Ne4 b6 10. Bg5 f6 11. Bd2 e5 12. Nc3 Nde7 13. Qc1 O-O 14. Bh6 Be6 15. Bxg7 Kxg7 16. Nd2 Rc8 17. f4 exf4 18. Rxf4 Nd4 19. Rf2 f5 20. Qe1 Nec6 21. Nf3 Qf6 22. Qd2 Rce8 23. Nxd4 Nxd4 24. Nd1 Bg8 25. c3 Nc6 26. Ne3 Qd6 27. Nc4 Bxc4 28. dxc4 Qxd2 29. Rxd2 Ne5 30. b3 Ng4 31. b4 Re3 32. bxc5 bxc5 33. Rd5 Rfe8 34. h3 Nf6 35. Rxc5 Rxg3 36. Rc7+ Kh6 37. Rf1 Re2 38. Rf2 Rxf2 39. Kxf2 Rxc3 40. c5 Kg5 41. c6 Kf4 42. Re7 Ne4+ 43. Bxe4 fxe4 44. Rf7+ Ke5 45. c7 h5 46. Re7+ Kd6 47. Rxe4 Rxc7 48. Ra4 Ke5 49. Kg3 Kf5 50. Ra5+ Kf6 51. Ra6+ Kg5 52. Ra5+ Kh6 53. Ra6 Kg5 54. Ra5+ Kf6 55. Ra6+ Kf5 56. Ra5+ Kf6 57. Ra6+ Kg5 58. Ra5+ Kh6 59. Ra6 Rf7 60. h4 Kg7 61. Kh3 Kh7 62. Kg3 Kg7 63. Kh3 Kh6 64. Kg3 Kg7 65. Kh3 Rc7 66. Kg3 Kh6 67. Kh3 Kg7 68. Kg3 Rf7 69. Kh3 Kh7 70. Kg3 Rg7 71. Kf4 Kh6 72. Kg3 Rb7 73. Kh3 Rc7 74. Kg3 Rc3+ 75. Kg2 Rc4 76. Kg3 Rc7 77. Kh3 Kg7 78. Kg3 Kf7 79. Kh3 Kg7 80. Kg3 Rf7 1/2-1/2

[Event "ESP-ch Rapid 2018"]
[Site "Linares"]
[Date "2018.08.19"]
[Round "9"]
[White "Blanco Acevedo, Cristobal Jose"]
[Black "Sanjuan Garcia, Miguel"]
[Result "1-0"]
[ECO "A16"]
[WhiteElo "2336"]
[BlackElo "2115"]
[Annotator "NA"]
[PlyCount "73"]
[EventDate "2018.08.19"]
[EventType "team-tourn"]
[EventCountry "ESP"]
[SourceTitle "playchess.com"]
[Source "ChessBase"]
[SourceQuality "1"]
[TimeControl "900+5"]

1. c4 Nf6 2. Nc3 g6 3. g3 Bg7 4. Bg2 O-O 5. e4 d6 6. Nf3 e5 7. O-O Nc6 8. h3 h6 9. d3 Be6 10. Kh2 Kh7 11. Be3 Nd7 12. Ne2 f5 13. exf5 gxf5 14. Rc1 Ne7 15. d4 Ng6 16. Qc2 Qe8 17. Nfg1 e4 18. f3 d5 19. cxd5 Bxd5 20. fxe4 fxe4 21. Qxc7 Rxf1 22. Bxf1 Nb6 23. b3 Qf8 24. Qc5 Qf7 25. Bg2 Rc8 26. Qa3 Rxc1 27. Qxc1 Qd7 28. Qf1 Bf8 29. Nc3 Bb4 30. Nxe4 Bxe4 31. Bxe4 Nd5 32. Bc1 Kg7 33. Qd3 Nge7 34. Nf3 Nf6 35. Bf4 Nc6 36. Be5 Nxe5 37. dxe5 1-0

[Event "ESP-ch Rapid 2018"]
[Site "Linares"]
[Date "2018.08.19"]
[Round "9"]
[White "Gavilan Diaz, Mario"]
[Black "Fernandez Torre, Ivan"]
[Result "1-0"]
[ECO "E98"]
[WhiteElo "2334"]
[BlackElo "2128"]
[Annotator "NA"]
[PlyCount "87"]
[EventDate "2018.08.19"]
[EventType "team-tourn"]
[EventCountry "ESP"]
[SourceTitle "playchess.com"]
[Source "ChessBase"]
[SourceQuality "1"]
[TimeControl "900+5"]

1. d4 Nf6 2. c4 g6 3. Nc3 Bg7 4. e4 d6 5. Nf3 O-O 6. Be2 e5 7. O-O Nc6 8. d5 Ne7 9. Ne1 Ne8 10. Be3 f5 11. f3 Nf6 12. c5 f4 13. Bf2 g5 14. Rc1 Ng6 15. cxd6 cxd6 16. Nb5 Rf7 17. Nxa7 Bd7 18. Qb3 g4 19. Bb6 Qe7 20. Rc7 Ne8 21. Rxb7 g3 22. h3 Qh4 23. Rxd7 Rxd7 24. Nc6 Nh8 25. a4 Nf7 26. Bb5 Rb7 27. a5 Ng5 28. Qc2 Bf8 29. Nd3 Nc7 30. Bc4 Na6 31. b4 Nxh3+ 32. gxh3 g2 33. Rf2 Rg7 34. Rxg2 Rg3 35. Rxg3+ fxg3 36. Kg2 Bh6 37. b5 Nc5 38. Nxc5 dxc5 39. d6+ Kh8 40. Nxe5 Be3 41. d7 Qf6 42. Nf7+ Kg7 43. e5 Qf4 44. Qe4 1-0

[Event "ESP-ch Rapid 2018"]
[Site "Linares"]
[Date "2018.08.19"]
[Round "9"]
[White "Domingo Nunez, Ruben"]
[Black "Centron Antuna, Daniel"]
[Result "0-1"]
[ECO "B21"]
[WhiteElo "2318"]
[BlackElo "2231"]
[Annotator "NA"]
[PlyCount "102"]
[EventDate "2018.08.19"]
[EventType "team-tourn"]
[EventCountry "ESP"]
[SourceTitle "playchess.com"]
[Source "ChessBase"]
[SourceQuality "1"]
[TimeControl "900+5"]

1. e4 c5 2. d4 cxd4 3. c3 dxc3 4. Nxc3 Nc6 5. Nf3 d6 6. Bc4 e6 7. O-O Nf6 8. Qe2 Be7 9. Rd1 e5 10. Be3 O-O 11. Rac1 Be6 12. b4 a6 13. Nd5 Bxd5 14. exd5 Nb8 15. a4 Nbd7 16. Nd2 Nb6 17. Bb3 Nbxd5 18. Bg5 h6 19. Bh4 Nxb4 20. Bxf6 Bxf6 21. Ne4 Be7 22. Qg4 Nc6 23. Rc3 Kh8 24. Rg3 g6 25. Qh3 Kg7 26. Qg4 Qc8 27. Qh5 Bg5 28. Qe2 Nd4 29. Qd3 Bf4 30. Rh3 Qf5 31. Bd5 Rab8 32. Qa3 Rfd8 33. Rhd3 Qd7 34. g3 Bg5 35. Qa1 Qe7 36. h4 Bf6 37. Qa2 b5 38. a5 Rbc8 39. Re1 Rc2 40. Qb1 Rdc8 41. Qd1 Rc1 42. Qd2 Rxe1+ 43. Qxe1 Rc1 44. Rd1 Nf3+ 45. Kh1 Nxe1 46. Rxc1 Nd3 47. Rc6 Nb4 48. Rxd6 Nxd5 49. Rxd5 Qb4 50. Nd6 Be7 51. Nb7 Qe4+ 0-1

[Event "ESP-ch Rapid 2018"]
[Site "Linares"]
[Date "2018.08.19"]
[Round "9"]
[White "Martin Rueda, Daniel"]
[Black "Orantes Taboada, Francisco"]
[Result "1/2-1/2"]
[ECO "A45"]
[WhiteElo "2267"]
[BlackElo "2242"]
[Annotator "NA"]
[PlyCount "70"]
[EventDate "2018.08.19"]
[EventType "team-tourn"]
[EventCountry "ESP"]
[SourceTitle "playchess.com"]
[Source "ChessBase"]
[SourceQuality "1"]
[TimeControl "900+5"]

1. d4 Nf6 2. Bg5 d5 3. Bxf6 exf6 4. e3 Bd6 5. g3 O-O 6. Bg2 Be6 7. Ne2 c6 8. Nd2 Nd7 9. b3 Nb6 10. O-O Qe7 11. a4 a5 12. c3 Rac8 13. Qb1 Rfd8 14. Re1 c5 15. dxc5 Rxc5 16. Nf3 Rdc8 17. Nfd4 Be5 18. Qd3 Bg4 19. Rac1 Qd7 20. Nb5 Bf5 21. Qd2 Qe8 22. Ned4 Bd7 23. Bf1 Bxb5 24. Bxb5 Qe7 25. Bd3 g6 26. f4 Bd6 27. e4 dxe4 28. Rxe4 Qd8 29. Rce1 Bf8 30. Nb5 Rd5 31. Nd4 Qc7 32. Nb5 Qd8 33. Nd4 Qc7 34. Nb5 Qd8 35. Nd4 Qc7 1/2-1/2

[Event "ESP-ch Rapid 2018"]
[Site "Linares"]
[Date "2018.08.19"]
[Round "9"]
[White "Jimenez Martinez, Jose Vicente"]
[Black "Pallardo Lozoya, Jose Vicente"]
[Result "0-1"]
[ECO "A41"]
[WhiteElo "2243"]
[BlackElo "2382"]
[Annotator "NA"]
[PlyCount "64"]
[EventDate "2018.08.19"]
[EventType "team-tourn"]
[EventCountry "ESP"]
[SourceTitle "playchess.com"]
[Source "ChessBase"]
[SourceQuality "1"]
[TimeControl "900+5"]

1. d4 d6 2. c4 e5 3. Nf3 e4 4. Ng5 f5 5. g3 Be7 6. Nh3 Nf6 7. Bg2 c6 8. O-O d5 9. cxd5 cxd5 10. Nc3 Be6 11. Bf4 Nc6 12. Be5 Qd7 13. f3 Rd8 14. e3 exf3 15. Bxf3 Nxe5 16. dxe5 Ne4 17. Ne2 Qc7 18. Qa4+ Bd7 19. Qd4 Bc6 20. Nhf4 Qc8 21. Rac1 O-O 22. Rfd1 g5 23. Nh5 Qe6 24. Bxe4 dxe4 25. Qc3 Rxd1+ 26. Rxd1 Qg6 27. Nf6+ Bxf6 28. Rd6 Qh5 29. Qc4+ Kh8 30. Rxf6 Rd8 31. Rd6 Re8 32. e6 Qf3 0-1

[Event "ESP-ch Rapid 2018"]
[Site "Linares"]
[Date "2018.08.19"]
[Round "9"]
[White "Carretero Ortiz, Francisco"]
[Black "De La Fuente Gonzalez, Francisco"]
[Result "1-0"]
[ECO "C42"]
[WhiteElo "2241"]
[BlackElo "2174"]
[Annotator "NA"]
[PlyCount "55"]
[EventDate "2018.08.19"]
[EventType "team-tourn"]
[EventCountry "ESP"]
[SourceTitle "playchess.com"]
[Source "ChessBase"]
[SourceQuality "1"]
[TimeControl "900+5"]

1. e4 e5 2. Nf3 Nf6 3. Nc3 Bb4 4. Nd5 Nxd5 5. exd5 d6 6. c3 Bc5 7. d4 exd4 8. Nxd4 O-O 9. Be3 Nd7 10. Bd3 Nf6 11. Qf3 Bg4 12. Qg3 Bh5 13. Nf5 Bg6 14. Bxc5 dxc5 15. O-O-O Qd7 16. Ne3 b5 17. Bc2 a5 18. d6 Bxc2 19. Kxc2 Ne4 20. Qf3 Nxd6 21. Rd5 c4 22. Rhd1 Qe6 23. R1d4 a4 24. a3 Rfe8 25. Kc1 g6 26. Ng4 Kg7 27. Re5 Nf5 28. Rxe6 1-0

[Event "ESP-ch Rapid 2018"]
[Site "Linares"]
[Date "2018.08.19"]
[Round "9"]
[White "Silva Rodriguez, Fernando"]
[Black "Tejedor Fuente, Enrique"]
[Result "0-1"]
[ECO "E10"]
[WhiteElo "2239"]
[BlackElo "2408"]
[Annotator "NA"]
[PlyCount "124"]
[EventDate "2018.08.19"]
[EventType "team-tourn"]
[EventCountry "ESP"]
[SourceTitle "playchess.com"]
[Source "ChessBase"]
[SourceQuality "1"]
[TimeControl "900+5"]

1. d4 c5 2. d5 Nf6 3. c4 b5 4. Nf3 e6 5. Bg5 h6 6. Bxf6 Qxf6 7. Qc2 exd5 8. cxd5 d6 9. g3 Na6 10. a3 Nc7 11. Nc3 Bb7 12. Rd1 Be7 13. Bg2 O-O 14. O-O Rfe8 15. Rfe1 Bf8 16. e4 Rad8 17. a4 a6 18. axb5 axb5 19. Ra1 b4 20. Ra7 Rb8 21. Nb1 Nb5 22. Ra5 Bc8 23. Nbd2 Bd7 24. h3 g6 25. Nc4 Bxh3 26. Bxh3 Qxf3 27. Rxb5 Rxb5 28. Bd7 Rbb8 29. Bxe8 Rxe8 30. Re3 Qf6 31. Kg2 h5 32. Qa4 Rc8 33. Qd7 Qd8 34. Qb5 Rb8 35. Qc6 Rc8 36. Qb5 Ra8 37. Qc6 Ra7 38. e5 Rc7 39. Qb6 dxe5 40. d6 Qa8+ 41. Kh2 Rc6 42. Qb5 Bxd6 43. Nxe5 Bxe5 44. Rxe5 Qc8 45. Qe2 Re6 46. b3 Rxe5 47. Qxe5 Qf5 48. Qe8+ Kg7 49. Qe3 Qd5 50. Qe7 Qxb3 51. Qe5+ Kg8 52. Qxc5 Qb2 53. Kg2 Qc3 54. Qb6 b3 55. Qb8+ Kg7 56. Qb5 b2 57. Kh2 Qd4 58. f4 h4 59. gxh4 Qf2+ 60. Kh3 Qf3+ 61. Kh2 Qxf4+ 62. Kh3 Qf5+ 0-1

[Event "ESP-ch Rapid 2018"]
[Site "Linares"]
[Date "2018.08.19"]
[Round "9"]
[White "Garcia Romero, Benjamin Abel"]
[Black "Matnadze, Ana"]
[Result "0-1"]
[ECO "B16"]
[WhiteElo "2230"]
[BlackElo "2378"]
[Annotator "NA"]
[PlyCount "58"]
[EventDate "2018.08.19"]
[EventType "team-tourn"]
[EventCountry "ESP"]
[SourceTitle "playchess.com"]
[Source "ChessBase"]
[SourceQuality "1"]
[TimeControl "900+5"]

1. e4 c6 2. d4 d5 3. Nd2 dxe4 4. Nxe4 Nf6 5. Nxf6+ gxf6 6. Nf3 Qc7 7. c4 Bg4 8. Be2 Nd7 9. O-O e6 10. Nh4 Bxe2 11. Qxe2 O-O-O 12. Be3 h5 13. g3 f5 14. b4 Rg8 15. Qf3 Bxb4 16. c5 Nf6 17. Rab1 Nd5 18. Ng2 Ba5 19. Rb3 h4 20. Rfb1 hxg3 21. fxg3 Rg4 22. Nf4 Nxe3 23. Qxe3 b6 24. Ra3 Qd7 25. Ne2 Qd5 26. Kf2 Rh8 27. h4 Rhxh4 28. Qf3 Rh2+ 29. Ke3 Re4+ 0-1

[Event "ESP-ch Rapid 2018"]
[Site "Linares"]
[Date "2018.08.19"]
[Round "9"]
[White "Garcia Garcia, Adrian Antonio"]
[Black "Lloret Mauri, Jaime"]
[Result "1-0"]
[ECO "C01"]
[WhiteElo "2179"]
[BlackElo "2035"]
[Annotator "NA"]
[PlyCount "71"]
[EventDate "2018.08.19"]
[EventType "team-tourn"]
[EventCountry "ESP"]
[SourceTitle "playchess.com"]
[Source "ChessBase"]
[SourceQuality "1"]
[TimeControl "900+5"]

1. e4 e6 2. d4 d5 3. exd5 exd5 4. c4 Nf6 5. Nf3 c6 6. h3 Be6 7. c5 b6 8. cxb6 axb6 9. Bd3 Bd6 10. O-O O-O 11. Bg5 Nbd7 12. Nbd2 Qc7 13. a3 h6 14. Bxf6 Nxf6 15. Rc1 c5 16. Bb1 c4 17. Re1 b5 18. Ne5 b4 19. axb4 Bxb4 20. Re3 Qb6 21. Ndf3 Rfb8 22. g4 Bf8 23. Re2 Qb3 24. Bc2 Qb6 25. g5 hxg5 26. Nxg5 Ra2 27. Rb1 Qa6 28. f4 Rb7 29. Rg2 Kh8 30. Qe1 Qa7 31. Qh4+ Kg8 32. Bh7+ Kh8 33. Nxe6 Nxh7 34. Nxf8 Qxd4+ 35. Kh1 Qe4 36. Neg6+ 1-0

[Event "ESP-ch Rapid 2018"]
[Site "Linares"]
[Date "2018.08.19"]
[Round "9"]
[White "Perera Borrego, Maria Adela"]
[Black "Vazquez Pino, Miguel A"]
[Result "0-1"]
[ECO "A46"]
[WhiteElo "2177"]
[BlackElo "1909"]
[Annotator "NA"]
[PlyCount "84"]
[EventDate "2018.08.19"]
[EventType "team-tourn"]
[EventCountry "ESP"]
[SourceTitle "playchess.com"]
[Source "ChessBase"]
[SourceQuality "1"]
[TimeControl "900+5"]

1. d4 Nf6 2. Nf3 e6 3. g3 c5 4. c3 d5 5. Bg2 Nc6 6. O-O Be7 7. b3 b6 8. Bb2 Bb7 9. Nbd2 O-O 10. Re1 Rc8 11. Rc1 h6 12. h3 cxd4 13. cxd4 Nb4 14. a3 Rxc1 15. Qxc1 Nc6 16. Ne5 Nxe5 17. dxe5 Nd7 18. e4 Nc5 19. Qc2 dxe4 20. Nxe4 Qa8 21. b4 Nxe4 22. Bxe4 Bxe4 23. Rxe4 Rd8 24. Qe2 Bg5 25. Bc3 Qc6 26. Be1 Qc1 27. Kh2 Qxa3 28. h4 Be7 29. Rf4 Qd3 30. Qh5 Qg6 31. Qf3 Rd5 32. h5 Qd3 33. Rxf7 Qxf3 34. Rxf3 Rxe5 35. Bc3 Rxh5+ 36. Kg2 a5 37. bxa5 bxa5 38. Rd3 Rd5 39. Re3 Kf7 40. Kf3 Bc5 41. Ke4 Bxe3 42. Kxe3 Rb5 0-1

[Event "ESP-ch Rapid 2018"]
[Site "Linares"]
[Date "2018.08.19"]
[Round "9"]
[White "Dominguez Alcon, Victor"]
[Black "Fernandez Garcia, Jose Miguel"]
[Result "0-1"]
[ECO "B41"]
[WhiteElo "2172"]
[BlackElo "2404"]
[Annotator "NA"]
[PlyCount "64"]
[EventDate "2018.08.19"]
[EventType "team-tourn"]
[EventCountry "ESP"]
[SourceTitle "playchess.com"]
[Source "ChessBase"]
[SourceQuality "1"]
[TimeControl "900+5"]

1. e4 c5 2. Nf3 e6 3. d4 cxd4 4. Nxd4 a6 5. c4 Nf6 6. Nc3 Qc7 7. Nc2 b6 8. Bd3 Bb7 9. O-O d6 10. Kh1 Nbd7 11. b3 Be7 12. Bb2 h5 13. Ne3 Ne5 14. Bc2 Neg4 15. Nxg4 hxg4 16. g3 O-O-O 17. Qd4 Rh3 18. Kg2 Rdh8 19. Rh1 Nd7 20. Na4 Bf6 21. Qe3 Bxb2 22. Nxb2 Ne5 23. Rad1 Nf3 24. Na4 b5 25. Nb6+ Kb8 26. c5 Rxh2+ 27. Rxh2 Rxh2+ 28. Kf1 Rh1+ 29. Ke2 Rxd1 30. Kxd1 dxc5 31. Qf4 Qxf4 32. gxf4 Kc7 0-1

[Event "ESP-ch Rapid 2018"]
[Site "Linares"]
[Date "2018.08.19"]
[Round "9"]
[White "Roldan Marques, Daniel"]
[Black "Cuevas Fernandez, Jose Alberto"]
[Result "1/2-1/2"]
[ECO "E10"]
[WhiteElo "2161"]
[BlackElo "2147"]
[Annotator "NA"]
[PlyCount "64"]
[EventDate "2018.08.19"]
[EventType "team-tourn"]
[EventCountry "ESP"]
[SourceTitle "playchess.com"]
[Source "ChessBase"]
[SourceQuality "1"]
[TimeControl "900+5"]

1. d4 Nf6 2. c4 e6 3. Nf3 c5 4. d5 b5 5. Bg5 bxc4 6. e4 Qb6 7. Qc2 Bb7 8. Bxf6 gxf6 9. Bxc4 Na6 10. O-O Nb4 11. Qe2 Bg7 12. a3 Na6 13. Nc3 O-O 14. Na4 Qa5 15. Bb5 Nc7 16. Bxd7 Ba6 17. Qc2 Bxf1 18. Rxf1 exd5 19. Bc6 Rad8 20. Nxc5 Qb6 21. Nd7 Rxd7 22. Bxd7 dxe4 23. Qxe4 Qxb2 24. Nd4 Rd8 25. Qe7 Rf8 26. Nf5 Qe5 27. Rc1 Nd5 28. Qc5 Nf4 29. Qxe5 fxe5 30. Ne7+ Kh8 31. Rc8 Rxc8 32. Nxc8 Bf8 1/2-1/2

[Event "ESP-ch Rapid 2018"]
[Site "Linares"]
[Date "2018.08.19"]
[Round "9"]
[White "Riquelme Valero, Manuel Damian"]
[Black "Arjol Lopez, Daniel"]
[Result "0-1"]
[ECO "E20"]
[WhiteElo "2150"]
[BlackElo "2137"]
[Annotator "NA"]
[PlyCount "72"]
[EventDate "2018.08.19"]
[EventType "team-tourn"]
[EventCountry "ESP"]
[SourceTitle "playchess.com"]
[Source "ChessBase"]
[SourceQuality "1"]
[TimeControl "900+5"]

1. d4 Nf6 2. c4 e6 3. Nc3 Bb4 4. f3 d5 5. a3 Bxc3+ 6. bxc3 O-O 7. cxd5 exd5 8. e3 Bf5 9. Ne2 c6 10. Ng3 Bg6 11. h4 h5 12. Bd3 Qd6 13. Kf2 Bxd3 14. Qxd3 Re8 15. Qf5 g6 16. Qd3 Nbd7 17. Rh3 c5 18. Ne2 c4 19. Qc2 Nf8 20. Nf4 Ne6 21. Nxg6 fxg6 22. Qxg6+ Ng7 23. Rg3 Re7 24. e4 dxe4 25. Bh6 Nfe8 26. Bxg7 Rxg7 27. Qxd6 Nxd6 28. Rg5 Rxg5 29. hxg5 Kg7 30. Rb1 b5 31. fxe4 Nxe4+ 32. Ke3 Re8 33. Kf4 Nxc3 34. Rh1 Kg6 35. g4 Re4+ 36. Kf3 Rxg4 0-1

[Event "ESP-ch Rapid 2018"]
[Site "Linares"]
[Date "2018.08.19"]
[Round "9"]
[White "Gomez Sanjuan, Hector Fernando"]
[Black "Cabrera Ruiz, Luis"]
[Result "1-0"]
[ECO "E12"]
[WhiteElo "2146"]
[BlackElo "2122"]
[Annotator "NA"]
[PlyCount "65"]
[EventDate "2018.08.19"]
[EventType "team-tourn"]
[EventCountry "ESP"]
[SourceTitle "playchess.com"]
[Source "ChessBase"]
[SourceQuality "1"]
[TimeControl "900+5"]

1. d4 Nf6 2. c4 e6 3. Nf3 b6 4. a3 Bb7 5. Nc3 Be7 6. d5 O-O 7. e4 d6 8. Be2 e5 9. b4 c6 10. O-O cxd5 11. cxd5 Nbd7 12. Nd2 Rc8 13. Nb5 a6 14. Na7 Rc7 15. Nc6 Bxc6 16. dxc6 Nb8 17. b5 axb5 18. Bxb5 Nxc6 19. Bb2 Nb8 20. f3 Nbd7 21. Nc4 Nc5 22. a4 Rc8 23. Rf2 Qc7 24. Rd2 Nxa4 25. Qxa4 Nh5 26. Rad1 Bg5 27. Rxd6 Qc5+ 28. Kh1 Qf2 29. Bxe5 f6 30. Bd7 fxe5 31. Bxc8 Ng3+ 32. hxg3 Qxg3 33. Qd7 1-0

[Event "ESP-ch Rapid 2018"]
[Site "Linares"]
[Date "2018.08.19"]
[Round "9"]
[White "Guadamuro Torrente, Anabel"]
[Black "Estremera Panos, Sergio"]
[Result "0-1"]
[ECO "B20"]
[WhiteElo "2145"]
[BlackElo "2337"]
[Annotator "NA"]
[PlyCount "86"]
[EventDate "2018.08.19"]
[EventType "team-tourn"]
[EventCountry "ESP"]
[SourceTitle "playchess.com"]
[Source "ChessBase"]
[SourceQuality "1"]
[TimeControl "900+5"]

1. e4 c5 2. d3 Nc6 3. g3 g6 4. f4 Bg7 5. Bg2 d6 6. Nf3 Nf6 7. O-O O-O 8. Nc3 Bg4 9. h3 Bxf3 10. Bxf3 Nd7 11. Bg2 Rb8 12. Ne2 Qc7 13. c3 b5 14. Be3 b4 15. d4 bxc3 16. bxc3 Na5 17. e5 Nc4 18. Bf2 Rb2 19. Qd3 Ndb6 20. g4 e6 21. Ng3 Rd8 22. exd6 Qxd6 23. Ne4 Qc7 24. a4 cxd4 25. cxd4 Rxf2 26. Nxf2 Bxd4 27. Qg3 Bxa1 28. Rxa1 Nd5 29. Bxd5 exd5 30. g5 Qc5 31. Re1 Rc8 32. Kg2 d4 33. Ne4 Qc6 34. Qf3 Ne3+ 35. Kg3 Nf5+ 36. Kg4 h5+ 37. gxh6 Nxh6+ 38. Kg3 Nf5+ 39. Kg4 Qe6 40. Kg5 Kg7 41. Qd3 Qe7+ 42. Kg4 Qh4+ 43. Kf3 Qxh3+ {[%emt 0:00:02] Kg4 [%clk 0:00:10] Qxg4 [%clk 0:00:48]} 0-1

[Event "ESP-ch Rapid 2018"]
[Site "Linares"]
[Date "2018.08.19"]
[Round "9"]
[White "Perdomo Araujo, Angel Eduardo"]
[Black "Iglesias Leon, Francisco J"]
[Result "0-1"]
[ECO "B07"]
[WhiteElo "2100"]
[BlackElo "2129"]
[Annotator "NA"]
[PlyCount "89"]
[EventDate "2018.08.19"]
[EventType "team-tourn"]
[EventCountry "ESP"]
[SourceTitle "playchess.com"]
[Source "ChessBase"]
[SourceQuality "1"]
[TimeControl "900+5"]

1. e4 d6 2. d4 Nf6 3. Nc3 e5 4. dxe5 dxe5 5. Qxd8+ Kxd8 6. Bg5 Be6 7. O-O-O+ Kc8 8. Nf3 Bd6 9. Bxf6 gxf6 10. Nb5 Rd8 11. Nxd6+ cxd6 12. c4 Kc7 13. Bd3 Nd7 14. b4 a5 15. b5 Nc5 16. Kc2 Bg4 17. h3 Bxf3 18. gxf3 Ne6 19. Kc3 Nd4 20. f4 Ne6 21. fxe5 fxe5 22. Rdg1 Rg8 23. Rg3 Rg6 24. Rhg1 Rag8 25. Kd2 Kb6 26. Kc3 Nf4 27. h4 Kc5 28. Bf1 h6 29. a3 Nh5 30. Rxg6 Rxg6 31. Rxg6 fxg6 32. Bh3 Nf4 33. Bc8 Kb6 34. Bd7 Kc7 35. Be8 Kd8 36. Bf7 Ke7 37. Bd5 b6 38. Kd2 Kf6 39. f3 Ng2 40. h5 g5 41. Bc6 Ke7 42. Bb7 Nf4 43. Bc8 Nxh5 44. Ke3 Nf4 45. Bb7 0-1